 Dungeon Crawl Stone Soup version 0.26.1-10-gdfb7c7de75 (webtiles) character file.

Game seed: 13720854708089785944

91 DearestLeader the Chiller (level 4, -3/45 HPs)
             Began as a Merfolk Ice Elementalist on Apr 8, 2021.
             Slain by Grinder (6 damage)
             ... on level 3 of the Dungeon on Apr 9, 2021.
             The game lasted 00:05:59 (2060 turns).

DearestLeader the Chiller (MfIE)                    Turns: 2060, Time: 00:06:00

Health: -3/45      AC:  2    Str:  8    XL:     4   Next: 59%
Magic:  7/7        EV: 13    Int: 15    God:
Gold:   144        SH:  0    Dex: 14    Spells: 3/7 levels left

rFire    . . .     SeeInvis .   r - -3 spear (curse)
rCold    . . .     Faith    .   (no shield)
rNeg     . . .     Spirit   .   a - +0 robe
rPois    .         Reflect  .   (no helmet)
rElec    .         Harm     .   (no cloak)
rCorr    .         Rampage  .   (no gloves)
Will     .....                  (no boots)
Stlth    ..........             (no amulet)
HPRegen  0.15/turn              (no ring)
MPRegen  0.10/turn              (no ring)

@: mighty, berserking, very slightly contaminated, invisible, very quick
A: change form in water, swift swim, stealthy swim
a: no special abilities


You were on level 3 of the Dungeon.
You visited 1 branch of the dungeon, and saw 3 of its levels.

You collected 144 gold pieces.

Inventory:

Hand Weapons
 e - a +1 hunting sling
 r - a cursed -3 spear (weapon)
Missiles
 i - 10 stones
 j - 21 sling bullets
Armour
 a - a +0 robe (worn)
Jewellery
 k - an uncursed ring of fire
 q - an uncursed amulet of faith
Scrolls
 b - a scroll of remove curse
 c - a scroll of enchant armour {unknown}
 f - a scroll of random uselessness {unknown}
 g - a scroll of fear
 m - a scroll of enchant weapon
 p - a scroll of amnesia {unknown}
Potions
 d - a potion of heal wounds
 l - a potion of resistance {unknown}
 o - a potion of invisibility


   Skills:
 + Level 0.1 Polearms
 - Level 2.6 Dodging
 - Level 2.1 Stealth
 - Level 2.0 Spellcasting
 * Level 6.4 Ice Magic


You had 3 spell levels left.
You knew the following spells:

 Your Spells              Type           Power        Failure   Level
a - Freeze                Ice            80%          1%          1
b - Frozen Ramparts       Ice            40%          4%          3

Your spell library contained the following spells:

 Spells                   Type           Power        Failure   Level
 Ozocubu's Armour         Ice            20%          4%          3
 Hailstorm                Conj/Ice       11%          52%         4
 Summon Ice Beast         Ice/Summ       11%          52%         4


Dungeon Overview and Level Annotations

Branches:
Dungeon (3/15)

Altars:
Makhleb

Annotations:
D:2 Sigmund, Terence
D:3 Grinder


Message History

You barely miss Grinder.
Grinder is lightly wounded.
Grinder hits you.
* * * LOW HITPOINT WARNING * * *
You writhe in agony.
* * * LOW HITPOINT WARNING * * *
Unknown command.
You closely miss Grinder.
Grinder is lightly wounded.
Grinder hits you but does no damage.
You barely miss Grinder.
Grinder is lightly wounded.
Grinder barely misses you.
Unknown command.
It was a potion of berserk rage.
A red film seems to cover your vision as you go berserk!
You feel yourself moving faster!
You feel mighty! Grinder hits you!
* * * LOW HITPOINT WARNING * * *
You writhe in agony.
You die...

....# #....###
....# #......#
....# #......#
....#
####...## #
....# #.)....#
#.# ....#
#......#+#...#
....#
#)...........#
....#
#............#
#####
#(..(5@...(.>.
####((........
#.....#....
#(...(# ...
#(....# .
#....(#
..)...#
........


You could see Grinder.

Vanquished Creatures
  Natasha (twice) (D:2)
  A dart slug (D:2)
  2 leopard geckos (D:2)
  A ball python (D:1)
  3 bats
  5 giant cockroaches
  3 goblins
  8 hobgoblins
  7 kobolds
  A rat (D:2)
33 creatures vanquished.

Notes
Turn   | Place    | Note
-------+----------+-------------------------------------------
     0 | D:1      | DearestLeader the Merfolk Ice Elementalist began the quest
                  | for the Orb.
     0 | D:1      | Reached XP level 1. HP: 13/13 MP: 3/3
   461 | D:1      | Reached XP level 2. HP: 15/19 MP: 3/5
   640 | D:1      | Reached skill level 5 in Ice Magic
  1209 | D:2      | Reached XP level 3. HP: 24/24 MP: 3/6
  1213 | D:2      | Learned a level 3 spell: Frozen Ramparts
  1280 | D:2      | Found a burning altar of Makhleb.
  1280 | D:2      | Noticed a balrug
  1379 | D:2      | Noticed Sigmund
  1425 | D:2      | Noticed Natasha
  1436 | D:2      | Killed Natasha
  1578 | D:2      | Noticed Natasha
  1591 | D:2      | Reached skill level 6 in Ice Magic
  1592 | D:2      | Killed Natasha
  1593 | D:2      | Reached XP level 4. HP: 30/30 MP: 3/7
  1956 | D:2      | Noticed Terence
  2033 | D:3      | Noticed Grinder
  2041 | D:3      | Paralysed by Grinder for 3 turns
  2060 | D:3      | Slain by Grinder

Illustrated notes

Levels and vault maps discovered:
D:1:      dpeg_arrival_ternary, layout_loops_ring, serial_bayou_ford_a
D:2:      layout_basic, makhleb_altar_promises_db, uniq_terence, uniq_natasha,
          uniq_sigmund
D:3:      layout_basic, marbit_many_paths, uniq_grinder

Skill      XL: |  1  2  3 |
---------------+----------+-----
Ice Magic      | 5 6 |  6.4
Polearms       | |  0.1
Dodging        | |  2.6
Stealth        | |  2.1
Spellcasting   | |  2.0

Action                   |  1- 3 |  4- 6 || total
-------------------------+-------+-------++-------
Melee: Whip              |     8 |     3 ||    11
       Spear             |       |     3 ||     3
 Fire: Hunting sling     |    25 |    28 ||    53
 Cast: Freeze            |    27 |       ||    27
       Frozen Ramparts   |     2 |     1 ||     3
  Use: Scroll            |       |     5 ||     5
       Potion            |       |     4 ||     4
Armor: Robe              |     4 |     4 ||     8
Dodge: Dodged            |    28 |    14 ||    42
